 Dungeon Crawl Stone Soup version 0.17.1-3-g152610e (webtiles) character file.

1540 juanjsm the Covert (level 8, 0/39 HPs)
             Began as a Spriggan Enchanter on Mar 18, 2016.
             Was a Believer of Ashenzari.
             Slain by a killer bee (2 damage)
             ... on level 8 of the Dungeon.
             The game lasted 00:49:09 (7281 turns).

juanjsm the Covert (Spriggan Enchanter)             Turns: 7281, Time: 00:49:10

Health: 0/39       AC:  5    Str:  4    XL:     8   Next: 56%
Magic:  7/18       EV: 17    Int: 18    God:    Ashenzari [**....]
Gold:   306        SH:  0    Dex: 17    Spells: 6 memorised, 6 levels left

rFire  + + .     SeeInvis +     a - +2 dagger (curse)
rCold  + + .     Clarity  .     b - +1 robe (curse)
rNeg   . . .     SustAt   .     (shield restricted)
rPois  +         Gourm    .     (helmet restricted)
rElec  +         Spirit   .     (no cloak)
rCorr  +         Warding  .     (gloves unavailable)
rMut   .         Stasis   .     (boots unavailable)
MR     +....                    (no amulet)
Stlth  +++++.....               j - ring of protection from cold (curse)
                                r - ring of protection from fire (curse)

@: lethally poisoned (0 -> -4), resistant, very quick, somewhat resistant to
hostile enchantments, quite stealthy
A: unfitting armour, horns 1, yellow scales 1, see invisible, herbivore 3, speed
3, slow metabolism 2
a: Scrying, Renounce Religion


You were on level 8 of the Dungeon.
You worshipped Ashenzari.
Ashenzari was pleased with you.
You were not hungry.

You visited 2 branches of the dungeon, and saw 9 of its levels.

You collected 306 gold pieces.

Inventory:

Hand Weapons
 a - a cursed +2 dagger (weapon)
 F - a +3 dagger of chaos
Missiles
 y - 5 poisoned tomahawks (quivered)
Armour
 b - a cursed +1 robe (worn)
 f - a -2 cloak
Jewellery
 j - a cursed ring of protection from cold (right hand)
 n - an uncursed ring of positive energy
 r - a cursed ring of protection from fire (left hand)
 E - an uncursed amulet of guardian spirit
Wands
 z - a wand of cold (11)
Scrolls
 e - a scroll of identify
 g - a scroll of teleportation {unknown}
 h - 4 scrolls of fog
 i - 2 scrolls of curse jewellery
 k - 2 scrolls of immolation {unknown}
 l - a scroll of fear {unknown}
 m - a scroll of recharging {unknown}
 o - 2 scrolls of remove curse
 p - a scroll of noise {unknown}
 q - 2 scrolls of magic mapping {unknown}
 u - a scroll of blinking {unknown}
 x - 2 scrolls of enchant armour {unknown}
 C - a scroll of amnesia {unknown}
Potions
 t - 2 potions of invisibility
 w - a potion of poison {unknown}
 A - 2 potions of brilliance
 D - a potion of curing {unknown}
Books
 c - a book of Maledictions

   Spells                             Type                      Level
   a - Corona                         Hexes                        1
   b - Ensorcelled Hibernation        Hexes/Ice                    2
   c - Confuse                        Hexes                        3
   d - Tukima's Dance                 Hexes                        3
   e - Dazzling Spray                 Conjuration/Hexes            3
 s - a book of Beasts

   Spells                             Type                      Level
   a - Summon Butterflies             Summoning                    1
   b - Call Canine Familiar           Summoning                    3
   c - Summon Ice Beast               Ice/Summoning                4
   d - Summon Mana Viper              Hexes/Summoning              5
   e - Summon Hydra                   Summoning                    7
 B - a book of the Tempests

   Spells                             Type                      Level
   a - Static Discharge               Conjuration/Air              3
   b - Lightning Bolt                 Conjuration/Air              5
   c - Fireball                       Conjuration/Fire             5
   d - Tornado                        Air                          9
   e - Shatter                        Earth                        9
Comestibles
 d - 6 bread rations


   Skills:
 * Level 2.6 Fighting
 * Level 3.4(5.4) Short Blades
 * Level 6.2 Dodging
 * Level 8.8 Stealth
 * Level 6.4 Spellcasting
 * Level 1.0(1.9) Conjurations
 * Level 6.4(7.9) Hexes
 + Level 0.8(1.6) Ice Magic
 * Level 2.6(3.9) Evocations


You had 6 spell levels left.
You knew the following spells:

 Your Spells              Type           Power        Failure   Level  Hunger
a - Corona                Hex            ####...      1%          1    None
b - Ensorcelled Hibernat  Hex/Ice        ###...       2%          2    None
c - Confuse               Hex            ####....     1%          3    ##.....
d - Dazzling Spray        Conj/Hex       ###.....     4%          3    ##.....
e - Tukima's Dance        Hex            ####....     1%          3    ##.....
f - Summon Butterflies    Summ           #.......     12%         1    None


Dungeon Overview and Level Annotations

Branches:
Dungeon (8/15)             Temple (1/1) D:6
   Lair: D:8-11

Altars:
Ashenzari
Cheibriados
Dithmenos
Elyvilon
Fedhas
Gozag
Makhleb
Nemelex Xobeh
Okawaru
Qazlal
Ru
Trog
Vehumet
Xom
Yredelemnul
Zin
The Shining One


Innate Abilities, Weirdness & Mutations

You are tiny and cannot use many weapons and most armour.
You have supernaturally acute eyesight.
You are a herbivore.
You cover ground extremely quickly.
You need consume almost no food.
You have a pair of small horns on your head.
You are partially covered in yellow scales (AC +2).


Message History

You feel sick. The killer bee closely misses you.
* * * LOW HITPOINT WARNING * * *
You feel sick.
* * * LOW HITPOINT WARNING * * *
You feel sick. The killer bee stings you.
* * * LOW HITPOINT WARNING * * *
* * * LOW HITPOINT WARNING * * *
You feel sick.
There is a stone staircase leading down here.
* * * LOW HITPOINT WARNING * * *
You feel sick. The killer bee misses you. The killer bee closely misses you.
You climb downwards. 3 orcs come into view.
Found a scroll of remove curse.
Found a stone staircase leading down.
There is a stone staircase leading up here.
* * * LOW HITPOINT WARNING * * *
You feel sick. The killer bee stings you.
You die...

, , , ,
.#+############**
, , ,
............... ,
............o.. ,
, *
..>......o..... ,
, ,, ,
............... ,
, .........o.....
, ...............
, .......@.......
, , *
,......?y.......
######+##+##### ,
, , , , , ,,, , ,
* , , , , , , ,
,, ,, ,, , , * ,,
, * * * ,


You could see a killer bee and 3 orcs.

Vanquished Creatures
  A phantom (D:6)
  2 ice beasts
  2 centaurs
  An ogre (D:4)
  A water moccasin skeleton (D:5)
  4 crimson imps
  5 killer bees (D:7)
  A jelly (D:5)
  Crazy Yiuf (D:3)
  2 orc priests (D:4)
  A hound (D:4)
  2 giant frog skeletons
  5 worker ants
  3 hound skeletons
  9 adders
  9 gnolls
  A shadow imp (D:5)
  2 oozes
  2 worms
  9 orcs
  2 ball pythons
  6 bats
  5 hobgoblins
  2 quokkas
  4 giant cockroaches
  2 giant geckos
  5 giant newts
  5 goblins
  7 kobolds
  A quokka zombie (D:5)
  4 rats
106 creatures vanquished.

Notes
Turn   | Place    | Note
--------------------------------------------------------------
     0 | D:1      | juanjsm the Spriggan Enchanter began the quest for the Orb.
     0 | D:1      | Reached XP level 1. HP: 9/9 MP: 5/5
   378 | D:1      | Reached skill level 5 in Stealth
   378 | D:1      | Reached XP level 2. HP: 11/13 MP: 6/6
   409 | D:1      | Learned a level 2 spell: Ensorcelled Hibernation
   897 | D:2      | Reached XP level 3. HP: 16/16 MP: 8/8
   902 | D:2      | Learned a level 3 spell: Confuse
   908 | D:2      | Found a faded altar to an unknown god.
  1009 | D:2      | Found a shadowy altar of Dithmenos.
  1010 | D:2      | Found a shattered altar of Ashenzari.
  1053 | D:2      | Became a worshipper of Ashenzari the Shackled
  1230 | D:2      | Reached XP level 4. HP: 21/21 MP: 6/9
  1259 | D:2      | Gained mutation: You are partially covered in yellow scales (AC +2). [potion of beneficial mutation]
  1260 | D:2      | Gained mutation: You have a pair of small horns on your head. [potion of beneficial mutation]
  2106 | D:2      | Reached skill level 1 in Fighting
  2238 | D:3      | Found a bloodstained altar of Trog.
  2246 | D:3      | Reached skill level 6 in Stealth
  2336 | D:3      | Reached XP level 5. HP: 12/25 MP: 1/11
  2672 | D:3      | Noticed Crazy Yiuf
  2680 | D:3      | Killed Crazy Yiuf
  2838 | D:4      | Noticed an ogre
  2841 | D:4      | Killed an ogre
  2841 | D:4      | Reached XP level 6. HP: 30/30 MP: 13/13
  2876 | D:4      | Found a radiant altar of Vehumet.
  2921 | D:4      | Found a stormy altar of Qazlal.
  2949 | D:4      | Reached * piety under Ashenzari
  3001 | D:4      | Found a burning altar of Makhleb.
  3413 | D:4      | Reached skill level 7 in Stealth
  4474 | D:4      | Reached skill level 5 in Hexes
  4507 | D:4      | Learned a level 3 spell: Dazzling Spray
  4508 | D:5      | Entered Level 5 of the Dungeon
  4571 | D:5      | Reached skill level 5 in Spellcasting
  4571 | D:5      | Reached XP level 7. HP: 27/34 MP: 3/15
  4737 | D:5      | Reached ** piety under Ashenzari
  4767 | D:5      | Reached skill level 5 in Dodging
  5101 | D:5      | Found an opulent altar of Gozag.
  5322 | D:6      | Learned a level 3 spell: Tukima's Dance
  5531 | D:6      | Reached skill level 1 in Evocations
  5923 | D:6      | Found an iron altar of Okawaru.
  6063 | D:6      | Found a staircase to the Ecumenical Temple.
  6071 | Temple   | Entered the Ecumenical Temple
  6455 | D:6      | Reached skill level 8 in Stealth
  6455 | D:6      | Reached XP level 8. HP: 21/39 MP: 3/17
  6880 | D:7      | Learned a level 1 spell: Summon Butterflies
  7030 | D:7      | Found a shimmering altar of Xom.
  7185 | D:7      | Found a glowing golden altar of the Shining One.
  7256 | D:7      | Reached skill level 1 in Conjurations
  7281 | D:8      | Slain by a killer bee

Action                   |  1- 3 |  4- 6 |  7- 9 || total
-------------------------+-------+-------+-------++-------
Melee: Dagger            |    67 |   147 |    77 ||   291
 Cast: Corona            |     9 |    15 |     5 ||    29
       Ensorcelled Hiber |    15 |    39 |    11 ||    65
       Confuse           |       |    14 |    18 ||    32
       Dazzling Spray    |       |       |     1 ||     1
Invok: Scrying           |       |       |     2 ||     2
  Use: Scroll            |     2 |     5 |     5 ||    12
       Potion            |       |     2 |     1 ||     3
 Stab: Sleeping          |    19 |    24 |    21 ||    64
       Distracted        |       |     1 |       ||     1
       Confused          |       |     5 |     8 ||    13
  Eat: Royal jelly       |       |     1 |       ||     1
       Fruit             |       |     2 |     3 ||     5
